Match 33653795
Unlisted

Match 33653795
End
Construct Infanterie Kompanie
Kettenkrad Recon Vehicle
Grenadier Squad
MG 42 Machine Gun Team
Infanterie Officer Quarters
Grenadier Squad
Pioneer Squad
Grenadier Squad
Selects Luftwaffe Battlegroup
Selects Luftwaffe Pioneer Support
Selects LG40 Recoilless Gun Paradrop
Grenadier Squad
Construct Panzergrenadier Kompanie
251 Medium Carrier
Panzergrenadier Squad
mariopl97
Cpt Darling
[BLSP]Campari_Kurita
topfi83
0
0

Comments sign in to comment!

No comments posted yet!